 Dungeon Crawl Stone Soup version 0.23.0-3-gf3c87f2 (webtiles) character file.

Game seed: 2912041555255929422

47 Borgoz the Sneak (level 3, 0/26 HPs)
             Began as a Ghoul Enchanter on Feb 24, 2019.
             Slain by an orc wizard
             ... wielding a cursed +0 dagger
              (5 damage)
             ... on level 2 of the Dungeon.
             The game lasted 00:03:53 (1185 turns).

Borgoz the Sneak (Ghoul Enchanter)                  Turns: 1185, Time: 00:03:55

Health: 0/26       AC:  3    Str: 11    XL:     3   Next: 70%
Magic:  0/5        EV: 12    Int: 13    God:
Gold:   61         SH:  0    Dex: 10    Spells: 1/6 levels left

rFire    . . .     SeeInvis .   a - +1 dagger
rCold    + . .     Gourm    .   (no shield)
rNeg     + + +     Faith    .   b - +0 robe
rPois    ∞         Spirit   .   h - +0 helmet
rElec    .         Reflect  .   (no cloak)
rCorr    .         Harm     .   (no gloves)
MR       .....                  (no boots)
Stlth    +++.......             (no amulet)
HPRegen  0.00/turn              c - +3 ring of intelligence
MPRegen  0.09/turn              n - ring of stealth

@: very slightly contaminated, rotting
A: rotting body, claws 1, carnivore, cold resistance 1, negative energy
resistance 3, inhibited regeneration, torment resistance, unbreathing
a: no special abilities


You were on level 2 of the Dungeon.
You were not hungry.

You visited 1 branch of the dungeon, and saw 2 of its levels.

You collected 61 gold pieces.

Inventory:

Hand Weapons
 a - a +1 dagger (weapon)
Armour
 b - a +0 robe (worn)
 h - a +0 helmet (worn)
Jewellery
 c - a +3 ring of intelligence (left claw)
 e - a +4 ring of strength
 n - a ring of stealth (right claw)
Scrolls
 g - 3 scrolls of identify {unknown}
 i - 2 scrolls of remove curse {unknown}
 j - a scroll of fog {unknown}
 m - 2 scrolls of enchant armour {unknown}
 o - a scroll of amnesia
Comestibles
 d - 3 rations
 f - a chunk of flesh


   Skills:
 * Level 2.0 Short Blades
 + Level 2.2 Dodging
 + Level 3.7 Stealth
 + Level 2.1 Spellcasting
 - Level 2.4 Hexes


You had one spell level left.
You knew the following spells:

 Your Spells              Type           Power        Failure   Level  Hunger
a - Confuse               Hex            #.......     28%         3    ####...
b - Ensorcelled Hibernat  Hex/Ice        #.....       22%         2    ###....

Your spell library contained the following spells:

 Spells                   Type           Power        Failure   Level  Hunger
 Corona                   Hex            #......      10%         1    ##.....
 Tukima's Dance           Hex            #.......     28%         3    ####...
 Dazzling Spray           Conj/Hex       #.....       41%         3    ####...


Dungeon Overview and Level Annotations

Branches:
Dungeon (2/15)

Altars:


Innate Abilities, Weirdness & Mutations

Your body is rotting away.
You thrive on raw meat.
You are immune to poison.
You have sharp fingernails.
You are carnivorous and can eat meat at any time.
Your flesh is cold resistant. (rC+)
You are immune to negative energy. (rN+++)
You do not regenerate when monsters are visible.
You are immune to unholy pain and torment.
You can survive without breathing.


Message History

You hit the orc wizard.
The orc wizard is lightly wounded.
The orc wizard casts a spell at you. The magic dart hits you!
* * * LOW HITPOINT WARNING * * *
You closely miss the orc wizard.
The orc wizard is lightly wounded.
The orc wizard hits you with a cursed +0 dagger.
* * * LOW HITPOINT WARNING * * *
You hit the orc wizard.
The orc wizard is moderately wounded.
The orc wizard barely misses you.
You hit the orc wizard but do no damage.
The orc wizard is moderately wounded.
The orc wizard hits you but does no damage.
The orc wizard barely misses you.
You closely miss the orc wizard.
The orc wizard is moderately wounded.
The orc wizard hits you with a cursed +0 dagger.
You die...

###########
#..........
#####..........
#.@oo..........
#.###......##..
#.# #......#
#.# ########
#.# #.# #.# #.#
#.#


You could see an orc wizard and an orc.

Vanquished Creatures
  An ooze (D:1)
  A worm (D:2)
  A leopard gecko (D:1)
  An orc (D:2)
  10 goblins
  5 hobgoblins (D:1)
  2 quokkas (D:2)
  2 ball pythons
  5 bats
  A frilled lizard (D:2)
  4 rats (D:1)
33 creatures vanquished.

Vanquished Creatures (others)
  An orc wizard (D:2)
1 creature vanquished.

Grand Total: 34 creatures vanquished

Notes
Turn   | Place    | Note
-------+----------+-------------------------------------------
     0 | D:1      | Borgoz the Ghoul Enchanter began the quest for the Orb.
     0 | D:1      | Reached XP level 1. HP: 14/14 MP: 2/2
    14 | D:1      | Reached skill level 1 in Short Blades
   247 | D:1      | Reached XP level 2. HP: 14/20 MP: 3/3
   629 | D:1      | Reached XP level 3. HP: 26/26 MP: 5/5
   733 | D:1      | Learned a level 3 spell: Confuse
   736 | D:1      | Learned a level 2 spell: Ensorcelled Hibernation
  1185 | D:2      | Slain by an orc wizard

Skill      XL: |  1  2  3 |
---------------+----------+-----
Short Blades   | 1 2 |  2.0
Dodging        | 2 |  2.2
Spellcasting   | 2 |  2.1
Stealth        | |  3.7
Hexes          | |  2.4

Action                   || total
-------------------------++-------
Melee: Dagger            ||   126
 Cast: Confuse           ||     2
       Ensorcelled Hiber ||     2
  Use: Potion            ||     2
       Scroll            ||     1
 Stab: Sleeping          ||     7
  Eat: Chunk             ||    13
Armor: Robe              ||    24
Dodge: Dodged            ||    71
